 Dungeon Crawl Stone Soup version 0.29-a0-2-g12fcac58f8 (webtiles) character file.

Game seed: 3662552353911950558

875 bande the Chopper (level 8, -1/48 HPs)
             Began as a Gargoyle Fighter on Jan 27, 2022.
             Slain by an orc warrior (10 damage)
             ... on level 5 of the Dungeon.
             The game lasted 00:10:27 (5053 turns).

bande the Chopper (Gargoyle Fighter)                Turns: 5053, Time: 00:10:28

Health: -1/48      AC: 19    Str: 20    XL:     8   Next: 4%
Magic:  8/8        EV:  6    Int:  9    God:
Gold:   309        SH:  9    Dex: 11    Spells: 7/7 levels left

rFire   . . .      SeeInvis .   m - +0 broad axe (flame)
rCold   . . .      Faith    .   j - +0 kite shield
rNeg    + . .      Spirit   .   s - +0 storm dragon scales
rPois   ∞          Reflect  .   (no helmet)
rElec   +          Harm     .   i - +0 cloak
rCorr   .          Rampage  .   (no gloves)
Will    .....                   (no boots)
Stlth   ..........              (no amulet)
HPRegen 0.16/turn               (no ring)
MPRegen 0.11/turn               (no ring)

@: no status effects
A: sickness immunity, AC +5, negative energy resistance 1, electricity
resistance, torment resistance 1, petrification resistance
a: no special abilities


You were on level 5 of the Dungeon.
You visited 1 branch of the dungeon, and saw 6 of its levels.

You collected 309 gold pieces.

Inventory:

Hand Weapons
 a - a +1 war axe
 m - a +0 broad axe of flaming (weapon)
 o - a +0 flail
Armour
 i - a +0 cloak (worn)
 j - a +0 kite shield (worn)
 s - +0 storm dragon scales (worn)
Scrolls
 e - a scroll of identify
 p - a scroll of teleportation
Potions
 b - a potion of degeneration {unknown}
 c - a potion of mutation {unknown}
 d - a potion of might
 f - a potion of ambrosia {unknown}
 g - a potion of resistance {unknown}
 h - a potion of curing {unknown}
 l - a potion of magic {unknown}
 r - a potion of berserk rage {unknown}


   Skills:
 + Level 4.8 Fighting
 + Level 5.7 Axes
 + Level 5.4 Armour
 + Level 5.3 Shields


You had 7 spell levels left.
You didn't know any spells.
Your spell library contained the following spells:

 Spells                   Type           Power      Damage    Failure   Level
 Corpse Rot               Necr/Air       0%         N/A       100%        2
 Dispel Undead            Necr           0%         3d6       100%        4
 Death Channel            Necr           0%         N/A       100%        6


Dungeon Overview and Level Annotations

Branches:
Dungeon (6/15)
 Temple: D:4-7

Altars:
Hepliaklqana

Annotations:
D:6 1 runed translucent door


Innate Abilities, Weirdness & Mutations

You are immune to sickness and miasma.
Your stone body is resilient. (AC +5)
You are immune to poison.
You resist negative energy. (rN+)
You are resistant to electric shocks. (rElec)
You are resistant to unholy torment.
You are immune to petrification.


Message History

The orc warrior is heavily wounded.
You hit the orc. You burn the orc. The orc barely misses you.
The orc warrior hits you with a +0 flail.
You slash the orc! You burn the orc.
You kill the orc!
You closely miss the orc warrior.
The orc priest mumbles some strange prayers to Beogh against you.
Beogh smites you! You block the orc warrior's attack.
You hear a shout!
You hit the orc warrior. You burn the orc warrior.
The orc warrior is heavily wounded.
You hit the orc. You burn the orc.
You hear a shout!
The orc warrior hits you with a +0 flail!
The orc barely misses you. The orc warrior barely misses you.
You are too injured to fight recklessly!
You are too injured to fight recklessly!
You are too injured to fight recklessly!
You are too injured to fight recklessly!
You are too injured to fight recklessly!
You are too injured to fight recklessly!
You are too injured to fight recklessly!
Unknown command.
You closely miss the orc warrior.
The orc warrior is heavily wounded.
You hit the orc but do no damage. You block the orc warrior's attack.
The orc hits you with a +0 hand axe.
The orc priest invokes the aid of Beogh against you.
Beogh smites you!
* * * LOW HITPOINT WARNING * * *
You hit the orc warrior but do no damage.
The orc warrior is heavily wounded.
You slash the orc! You burn the orc.
You kill the orc!
You block the orc warrior's attack. The orc warrior barely misses you.
You block the orc wizard's attack.
Unknown command.
The orc priest miscasts a cantrip.
The orc warrior hits you with a +0 flail!
You die...

# #....8 #...o## #
....# #o).## # #
...# #..# .# # .
#.##########.#..#.
####....
#.....o..o........
'.......
#....##...#...#...
####.###
#..o.##...#.### ##
# #.o..####.#.#
###########@...#
#.#.#
#..............#
#.#.# ####
#......####.####
#.#.. ...#
#...!###
#.#######.### ##.#
#....# #.........#
#.#.#....#
###########
#.#.#....#
#.#(.....#
##.###..#.#


You could see an orc warrior, an orc priest and an orc wizard.

Vanquished Creatures
  A sky beast (D:5)
  2 necrophages
  A centaur (D:5)
  A phantom (D:5)
  A scorpion (D:3)
  A water moccasin zombie (D:5)
  2 howler monkeys (D:5)
  A jelly (D:4)
  An orc priest (D:5)
  2 iguanas (D:5)
  An orc wizard (D:5)
  A hound skeleton (D:4)
  3 adders
  A white imp (D:6)
  2 worms
  9 orcs
  6 ball pythons
  10 endoplasms
  3 giant cockroaches (D:1)
  9 goblins
  3 hobgoblins (D:2)
  7 jackals
  6 quokkas
  3 bats
  3 frilled lizards
  10 kobolds
  5 rats
95 creatures vanquished.

Vanquished Creatures (others)
  2 plants (D:2)
2 creatures vanquished.

Grand Total: 97 creatures vanquished

Notes
Turn   | Place    | Note
-------+----------+-------------------------------------------
     0 | D:1      | bande the Gargoyle Fighter began the quest for the Orb.
     0 | D:1      | Reached XP level 1. HP: 14/14 MP: 1/1
    32 | D:1      | Reached XP level 2. HP: 12/19 MP: 2/2
   717 | D:1      | Reached XP level 3. HP: 24/24 MP: 3/3
  1714 | D:3      | Reached XP level 4. HP: 27/29 MP: 4/4
  2090 | D:3      | Noticed a scorpion
  2098 | D:3      | Killed a scorpion
  2099 | D:3      | Reached XP level 5. HP: 21/33 MP: 5/5
  2474 | D:3      | Found a faded altar of an unknown god.
  2475 | D:3      | Found a hazy altar of Hepliaklqana.
  3555 | D:4      | Noticed a necrophage
  3565 | D:4      | Killed a necrophage
  3566 | D:4      | Reached XP level 6. HP: 30/38 MP: 6/6
  3989 | D:4      | Identified a scroll of acquirement
  3989 | D:4      | Acquired a +0 broad axe of flaming
  4024 | D:5      | Entered Level 5 of the Dungeon
  4024 | D:5      | Noticed a necrophage
  4036 | D:5      | Killed a necrophage
  4104 | D:5      | Reached skill level 5 in Armour
  4104 | D:5      | Reached XP level 7. HP: 35/44 MP: 7/7
  4351 | D:5      | Reached skill level 5 in Shields
  4473 | D:5      | Reached skill level 5 in Axes
  4890 | D:6      | Found a runed translucent door.
  4993 | D:5      | Reached XP level 8. HP: 48/48 MP: 8/8
  5053 | D:5      | Slain by an orc warrior

Illustrated notes

Levels and vault maps discovered:
D:1:      dpeg_arrival_boxorama, layout_rooms, chequers_mini_garden
D:2:      layout_rooms, serial_forest, infiniplex_forest_straight_2,
          infiniplex_forest_clump_double, infiniplex_forest_clump_curved,
          infiniplex_forest_straight_2, infiniplex_forest_clump_small,
          infiniplex_forest_clump_curved, infiniplex_forest_end_1
D:3:      layout_loops_ring, beargit_hepliaklqana_dungeon_heroes
D:4:      layout_basic, minmay_strange_pillars, st_stairs_12, minmay_puff
D:5:      layout_basic, guppyfry_early_orc_mine
D:6:      layout_gridville, general_overflow_altar, ebering_ghost_sewer_d,
          nrook_loot_triangle, minivault_11

Skill      XL: |  1  2  3  4  5  6  7 |
---------------+----------------------+-----
Axes           | 2 3 4 5 |  5.7
Shields        | 4 5 |  5.3
Fighting       | 4 |  4.8
Armour         | 4 5 |  5.4

Action                   |  1- 3 |  4- 6 |  7- 9 || total
-------------------------+-------+-------+-------++-------
Melee: War axe           |   116 |   115 |       ||   231
       Broad axe         |       |    11 |    70 ||    81
  Use: Scroll            |     3 |     4 |     1 ||     8
Armor: Scale mail        |    71 |    27 |       ||    98
       Storm dragon scal |       |    45 |    63 ||   108
       Chain mail        |       |     6 |       ||     6
Dodge: Dodged            |    43 |    36 |    14 ||    93
Block: Buckler           |    14 |       |       ||    14
       Kite shield       |    33 |    69 |    23 ||   125

Table legend: (Time is in decaauts)
 A = Elapsed time spent in this place.
 B = Non-inter-level travel time spent in this place.
 C = Inter-level travel time spent in this place.
 D = Time resting spent in this place.
 E = Time spent auto-exploring this place.
 F = Levels seen in this place.
 G = Mean time per level.
                   A        B        C        D        E       F      G
               +--------+--------+--------+--------+--------+-----+--------+
         Total |   5214 |   5198 |     16 |    632 |   3355 |   6 |  869.0 |
       Dungeon |   5214 |   5198 |     16 |    632 |   3355 |   6 |  869.0 |
               +--------+--------+--------+--------+--------+-----+--------+

Top non-repeatable levels by time:
     D:3: 1328 daAuts
     D:4: 1100 daAuts
     D:5: 1053 daAuts
     D:1: 951 daAuts
     D:2: 762 daAuts
     D:6: 18 daAuts
